 Dungeon Crawl Stone Soup version 0.30.0 (webtiles) character file.

Game seed: 5887203668540045250

96 cheesebisquit the Grave Robber (level 4, -8/38 HPs)
             Began as a Ghoul Necromancer on May 6, 2023.
             Killed from afar by Sigmund (9 damage)
             ... with a puff of flame
             ... on level 3 of the Dungeon.
             The game lasted 00:07:57 (2271 turns).

cheesebisquit the Grave Robber (Ghoul Necromancer)  Turns: 2271, Time: 00:07:58

Health: -8/38      AC:  2    Str: 11    XL:     4   Next: 67%
Magic:  5/5        EV: 12    Int: 12    God:
Gold:   129        SH:  0    Dex:  9    Spells: 2/6 levels left

rFire   . . .        (no weapon)
rCold   + . .        (no shield)
rNeg    + + +        a - +0 robe
rPois   ∞            (no helmet)
rElec   .            (no cloak)
rCorr   .            (no gloves)
SInv    .            (no boots)
Will    .....        (no amulet)
Stlth   ++           (no ring)
HPRegen 0.00/turn    (no ring)
MPRegen 0.09/turn

%: no passive effects
@: inhibited regen
A: claws 1, cold resistance 1, negative energy resistance 3, inhibited
regeneration, torment resistance 2, devour on kill
a: no special abilities


You were on level 3 of the Dungeon.
You visited 1 branch of the dungeon, and saw 3 of its levels.

You collected 129 gold pieces.

Inventory:

Missiles
 i - 6 poisoned darts
Armour
 a - a +0 robe (worn)
Scrolls
 d - a scroll of fear {unknown}
 e - 2 scrolls of teleportation {unknown}
 f - a scroll of enchant armour {unknown}
 g - a scroll of amnesia {unknown}
 h - 4 scrolls of identify {unknown}
 l - 2 scrolls of brand weapon {unknown}
 m - a scroll of enchant weapon {unknown}
 n - a scroll of torment {unknown}
 o - a scroll of poison {unknown}
Potions
 c - a potion of brilliance {unknown}
 j - a potion of lignification {unknown}
 k - 2 potions of heal wounds {unknown}


   Skills:
 + Level 3.1 Fighting
 - Level 1.7 Dodging
 - Level 2.1 Stealth
 - Level 1.7 Spellcasting
 + Level 5.0 Necromancy


You had 2 spell levels left.
You knew the following spells:

 Your Spells              Type           Power      Damage    Failure   Level
a - Necrotise             Necr           52%        1d6       3%          1
b - Vampiric Draining     Necr           13%        2d6       11%         3

Your spell library contained the following spells:

 Spells                   Type           Power      Damage    Failure   Level
 Slow                     Hex            4%         N/A       28%         1
 Animate Dead             Necr           13%        N/A       34%         4
 Confusing Touch          Hex            1%         N/A       63%         3
 Agony                    Necr           13%        N/A       69%         5


Dungeon Overview and Level Annotations

Branches:
Dungeon (3/15)

Altars:
Okawaru

Annotations:
D:3 Sigmund


Innate Abilities, Weirdness & Mutations

You are immune to poison.
You have sharp fingernails.
Your flesh is cold resistant. (rC+)
You are immune to negative energy. (rN+++)
You do not regenerate when monsters are visible.
You are immune to unholy pain and torment.
You thrive by killing the living.


Message History

You kill the jackal!
The dead are walking!
Sigmund closely misses you.
Your rat skeleton bites Sigmund.
Sigmund hits you with a +2 scythe of venom.
Your rat skeleton barely misses Sigmund.
Your jackal skeleton bites Sigmund.
Sigmund barely misses you.
Your rat skeleton bites Sigmund but does no damage.
Your jackal skeleton bites Sigmund but does no damage.
Aiming: Necrotise (safe; 3% risk of failure)
Press: ? - help, Q - select action, (/) - cycle Shift-Dir - straight line, f - Sigmund
Aim: Sigmund, wielding a +2 scythe of venom and wearing a +0 robe (lightly wounded, ally target, chance to affect: 76%) Sigmund writhes in agony.
Your jackal skeleton closely misses Sigmund.
Your rat skeleton bites Sigmund.
Sigmund barely misses you.
Aiming: Necrotise (safe; 3% risk of failure)
Press: ? - help, Q - select action, (/) - cycle Shift-Dir - straight line, f/p - Sigmund
Aim: Sigmund, wielding a +2 scythe of venom and wearing a +0 robe (moderately wounded, ally target, chance to affect: 76%) Sigmund barely resists.
Your jackal skeleton completely misses Sigmund.
You closely miss Sigmund.
Sigmund is moderately wounded.
Your rat skeleton bites Sigmund.
Your jackal skeleton barely misses Sigmund.
Sigmund hits you with a +2 scythe of venom!
* * * LOW HITPOINT WARNING * * *
You barely miss Sigmund.
Sigmund is moderately wounded.
Your jackal skeleton closely misses Sigmund.
Your rat skeleton bites Sigmund but does no damage.
Sigmund gestures at you while chanting. The magic dart hits you!
* * * LOW HITPOINT WARNING * * *
Magic courses through your body.
Your jackal skeleton bites Sigmund but does no damage.
Your rat skeleton closely misses Sigmund.
Your jackal skeleton closely misses Sigmund.
Sigmund points at you and mumbles some strange words.
The puff of flame hits you!
You die...

....#### ....... #. ..#..##
#.# ###.## ... ....# #.#
#.#.## #.# #.#..#### #.#
#.##....#####.########
#.#####.#......[@.Z..###
#.##...........#.@ZZ...#
#.##.#######.....##)##.)...
#....#...$$#.##..#...# .#..
#..#.#.$.$.#.##........
#....#.._$.#.##...._....#
####.#..$$.#..#.........#
#.#..$..#.....#...#..#
..###+###.....##.##.##


You could see Sigmund (ally target), a friendly rat skeleton and 2 friendly
jackal skeletons.

Vanquished Creatures
  Jessica (D:2)
  3 adders
  5 bats
  4 endoplasms
  3 giant cockroaches
  A goblin (D:2)
  7 hobgoblins
  3 jackals (D:3)
  A quokka (D:2)
  2 ball pythons
  4 frilled lizards
  6 kobolds
  3 rats
43 creatures vanquished.

Vanquished Creatures (others)
  4 plants (D:2)
4 creatures vanquished.

Grand Total: 47 creatures vanquished

Notes
Turn   | Place    | Note
-------+----------+-------------------------------------------
     0 | D:1      | cheesebisquit the Ghoul Necromancer began the quest for the
                  | Orb.
     0 | D:1      | Reached XP level 1. HP: 14/14 MP: 2/2
   277 | D:1      | Reached skill level 1 in Fighting
   315 | D:1      | Reached XP level 2. HP: 23/23 MP: 1/3
   934 | D:2      | Reached XP level 3. HP: 13/29 MP: 0/4
  1333 | D:2      | Noticed Jessica
  1350 | D:2      | Killed Jessica
  1351 | D:2      | Reached XP level 4. HP: 23/37 MP: 0/5
  2165 | D:3      | Reached skill level 5 in Necromancy
  2170 | D:3      | Learned a level 3 spell: Vampiric Draining
  2242 | D:3      | Found an iron altar of Okawaru.
  2255 | D:3      | Noticed Sigmund
  2270 | D:3      | HP: 1/38 [Sigmund/magic dart (8)]
  2271 | D:3      | Killed from afar by Sigmund

Illustrated notes

Levels and vault maps discovered:
D:1:      minmay_arrival_diagonal_passages, layout_loops_ring,
          kennysheep_doodads
D:2:      wad_lake_hut, layout_loops_ring, uniq_jessica
D:3:      layout_loops_ring, okawaru_gym_becter, amcnicky_altar_gilded,
          serial_shops, nicolae_square_shop, kennysheep_nub,
          chequers_decorated_corner, uniq_sigmund

Skill      XL: |  1  2  3  4 |
---------------+-------------+-----
Fighting       | 1 2 3 |  3.1
Necromancy     | 5 |  5.0
Dodging        | |  1.7
Stealth        | |  2.1
Spellcasting   | |  1.7

Action                     |  1- 3 |  4- 6 || total
---------------------------+-------+-------++-------
  Melee: Unarmed           |    52 |    19 ||    71
         Punch             |     1 |       ||     1
   Cast: Necrotise         |    41 |    39 ||    80
    Use: Potion            |       |     2 ||     2
 Armour: Robe              |     8 |     6 ||    14
  Dodge: Dodged            |    27 |    24 ||    51
